cohdb
Replays
Latest Replays
All Replays
Popular Replays
Top Player Replays
Match Explorer
How It Works
Community
CoH3 Stats
Reddit
Sign in to upload your games and track your stats! →
Sign in with Steam
Match 45793643
Unlisted
Match 45793643
Overview
Messages
Build Orders
End
Construct Barracks
Riflemen Squad
Riflemen Squad
M1 Mortar Team
Construct Weapon Support Center
M1919 Machine Gun Team
Selects Heavy Weapons
Selects M2HB .50cal Heavy Machine Gun
Bazooka Squad
Mechanized Support Center
M3 Armored Personnel Carrier
M1919 Machine Gun Team
Selects Assault Carriers
Engineer Squad
Mortar Pit
Bazooka Squad
M1918 Browning Automatic Rifles
M3 Assault Carrier
Bazooka Squad
Improved M9 Bazooka Rockets
M3 Assault Carrier
Selects Halftrack Strongpoints
Mortar Pit
M1919 Machine Gun Team
M3 Assault Carrier
Construct Tank Depot
M4A1 Sherman Medium Tank
M4A1 Sherman Medium Tank
Selects M26 Pershing Heavy Tank
M26 Pershing Heavy Tank
goat
no pasaran
Abeli
抖音疾风
Keller.Kind
sol sol sol invictus
Fatbastard
sq04010
0
0
Comments
sign in to comment!
No comments posted yet!